 Dungeon Sprint DCSS version 0.23.2-30-g0e89c35649 (webtiles) character file.

Game seed: 18328043765183612029

24005 Kobolds4U the Slayer (level 12, -21/208 HPs)
             Began as a Minotaur Fighter on June 10, 2019.
             Was the Champion of Okawaru.
             Demolished by Lom Lobon (25 damage)
             ... in the Dungeon (Sprint I: "Red Sonja").
             The game lasted 00:29:20 (7118 turns).

Kobolds4U the Slayer (Minotaur Fighter)             Turns: 7118, Time: 00:29:21

Health: -21/208    AC: 22    Str: 26    XL:     12   Next: 76%
Magic:  0/18       EV: 25    Int:  5    God:    Okawaru [******]
Gold:   1370       SH:  2    Dex: 18    Spells: 11/11 levels left

rFire    + + +     SeeInvis .   x - +2 great sword (flame)
rCold    + + .     Gourm    .   (shield currently unavailable)
rNeg     . . .     Faith    .   q - +0 chain mail {rPois}
rPois    +         Spirit   .   (helmet restricted)
rElec    +         Reflect  +   C - scarf {rC+ rF+}
rCorr    +         Harm     .   s - +1 pair of gloves {Dex+3}
MR       .....     NoTele   +   A - +0 pair of boots
Stlth    ..........             t - +2 amulet of reflection
HPRegen  0.44/turn              w - ring of protection from fire
MPRegen  0.16/turn              p - +3 ring of protection

@: berserking (expiring), lethally poisoned (-21 -> -24), resistant, heroism,
frozen, flying, hasted, lightly drained, quick
A: retaliatory headbutt, horns 2
a: Heroism, Finesse, Renounce Religion


You were in the Dungeon.
You worshipped Okawaru.
Okawaru was exalted by your worship.
You were not hungry.

You visited 1 branch You collected 4070 gold pieces.
You spent 2700 gold pieces at shops.

Inventory:

Hand Weapons
 f - a +4 scimitar of flaming
 x - a +2 great sword of flaming (weapon)
 E - a +3 falchion of venom
 F - a +2 scimitar of holy wrath
Armour
 a - the +1 plate armour of the Dropbear {rC+ Regen+ Str+7 Int-5}
   (Okawaru gifted it to you in the Dungeon)

   It affects your strength (+7).
   It affects your intelligence (-5).
   It protects you from cold.
   It increases your rate of regeneration.
 o - a +0 cloak
 q - a +0 chain mail of poison resistance (worn)
 s - a +1 pair of gloves of dexterity (worn)
 A - a +0 pair of boots (worn)
 C - a scarf of resistance (worn)
Jewellery
 p - a +3 ring of protection (right hand)
 t - a +2 amulet of reflection (around neck)
 u - an uncursed ring of protection from fire
 w - a ring of protection from fire (left hand)
Wands
 m - a wand of polymorph (8)
 v - a wand of digging (2)
 D - a wand of enslavement (11)
Scrolls
 d - a scroll of identify
 k - 3 scrolls of blinking
 n - 2 scrolls of fog
 y - 2 scrolls of magic mapping
 B - a scroll of amnesia
Potions
 e - 4 potions of curing
 g - a potion of heal wounds
 h - 3 potions of haste
 i - 2 potions of magic
 l - a potion of lignification
 z - a potion of ambrosia
 G - a potion of flight
Miscellaneous
 c - a fan of gales
Comestibles
 r - 5 rations


   Skills:
 * Level 22.4(26.1) Fighting
 + Level 15.1(19.3) Long Blades
 - Level 14.0(18.2) Armour
 * Level 18.5(22.6) Dodging
   Level 3.6(8.0) Shields
 - Level 10.0(9.4) Invocations


You had 11 spell levels left.
You didn't know any spells.
Your spell library contained the following spells:

 Spells                   Type           Power        Failure   Level  Hunger
 Freeze                   Ice            #...         86%         1    ##.....
 Throw Frost              Conj/Ice       #.....       95%         2    ###....
 Ozocubu's Armour         Chrm/Ice       #.......     99%         3    ####...
 Summon Ice Beast         Ice/Summ       #.......     100%        4    #####..
 Throw Icicle             Conj/Ice       #.......     100%        4    #####..


Dungeon Overview and Level Annotations

Branches:
Dungeon (1/1)

Altars:
Cheibriados
Dithmenos
Elyvilon
Fedhas
Gozag
Hepliaklqana
Kikubaaqudgha
Makhleb
Nemelex Xobeh
Okawaru
Qazlal
Ru
Sif Muna
Trog
Uskayaw
Vehumet
Wu Jian
Xom
Yredelemnul
Zin
The Shining One
Jiyva
Lugonu

Shops:
D !}*[=!(%[%=!?([(

Annotations:
D Lom Lobon


Innate Abilities, Weirdness & Mutations

You reflexively headbutt those who attack you in melee.
You have a pair of horns on your head.


Message History

You miss Lom Lobon. You headbutt Lom Lobon!
Lom Lobon is moderately wounded.
You are engulfed in freezing vapours.
You resist.
* * * LOW HITPOINT WARNING * * *
You feel sick. Lom Lobon closely misses you.
You riposte.
You slice Lom Lobon!! You burn Lom Lobon. You headbutt Lom Lobon!
Lom Lobon is heavily wounded.
You miss Lom Lobon.
Lom Lobon is heavily wounded.
You are engulfed in freezing vapours.
You resist.
The ball lightning explodes!
The blast of lightning engulfs Lom Lobon.
Lom Lobon completely resists.
The blast of lightning engulfs you. You resist.
* * * LOW HITPOINT WARNING * * *
You chop Lom Lobon into pieces!!! You burn Lom Lobon.
Lom Lobon is heavily wounded.
You are engulfed in freezing vapours.
You resist.
* * * LOW HITPOINT WARNING * * *
You feel sick. Lom Lobon hits you!!
You die...

°.#...###..[##.#§§≈.##§##
☼○+.....##.#...#.§§§§#(#
○°#^....#..###.#.§§§##+#
°○###++##.##...#§§≈##
^###..###..#+###§§§#
.####°.###...#.≈.§##
'#..#..#.###.#.≈.§#
○#.........#.###§§#
##.........#.#.&@§#
.'......####'#.##+#
###...###.)).#.#≈≈≈#
)(#####...####.#≈≈≈≈#
........###§.§^#≈≈≈≈≈#
....#####§○.°### ≈≈≈≈#
...## °○°§&§ '≈≈≈' ..##
°§§°§ ##≈≈#≈ ..# °°§°§


You could see Lom Lobon.

Vanquished Creatures
  A daeva (D)
  4 fire giants (D)
  A deep elf annihilator (D)
  A lorocyproca (D)
  A mummy priest (D)
  A hydra (D)
  2 centaur warriors (D)
  Sonja (D)
  7 unseen horrors (D)
  A deep troll (D)
  A lindwurm (D)
  2 oklob plants (D)
  2 merfolk sirens (D)
  A gargoyle (D)
  4 demonic crawlers (D)
  2 kobold demonologists (D)
  A hellwing (D)
  A meliai (D)
  4 hornets (D)
  A slime creature (D)
  2 redbacks (D)
  Sigmund (D)
  13 hogs (D)
  A yak (D)
  3 floating eyes (D)
  7 necrophages (D)
  An ogre (D)
  8 jellies (D)
  Ijyb (D)
  3 ballistomycetes (D)
  A ballistomycete spore (D)
80 creatures vanquished.

Vanquished Creatures (others)
  A gargoyle (D)
  A hornet (D)
  12 ball lightnings (D)
  A ballistomycete spore (D)
15 creatures vanquished.

Grand Total: 95 creatures vanquished

Notes
Turn   | Place    | Note
-------+----------+-------------------------------------------
     0 | D        | Kobolds4U the Minotaur Fighter began the quest for the Orb.
     0 | D        | Reached XP level 1. HP: 19/19 MP: 0/0
     1 | D        | Noticed Ijyb
     9 | D        | Killed Ijyb
     9 | D        | Reached skill level 5 in Fighting
     9 | D        | Reached skill level 5 in Long Blades
     9 | D        | Reached skill level 5 in Armour
     9 | D        | Reached XP level 2. HP: 22/29 MP: 1/1
    82 | D        | Noticed an ogre
    84 | D        | Killed an ogre
    84 | D        | Reached skill level 6 in Fighting
    84 | D        | Reached XP level 3. HP: 38/38 MP: 2/2
    84 | D        | Reached XP level 4. HP: 45/45 MP: 3/3
    90 | D        | Noticed Sigmund
    95 | D        | Killed Sigmund
    95 | D        | Reached skill level 8 in Fighting
    95 | D        | Reached skill level 10 in Long Blades
    95 | D        | Reached XP level 5. HP: 38/53 MP: 4/4
   109 | D        | Found an ornate altar of the Wu Jian Council.
   109 | D        | Found a deep blue altar of Sif Muna.
   111 | D        | Found a radiant altar of Vehumet.
   114 | D        | Reached XP level 6. HP: 48/62 MP: 5/5
   118 | D        | Found Arhor's Gadget Emporium.
   118 | D        | Found an ancient bone altar of Kikubaaqudgha.
   118 | D        | Found a hazy altar of Hepliaklqana.
   118 | D        | Found a stormy altar of Qazlal.
   118 | D        | Found a hide-covered altar of Uskayaw.
   118 | D        | Found a blossoming altar of Fedhas.
   118 | D        | Found a bloodstained altar of Trog.
   118 | D        | Found an iron altar of Okawaru.
   118 | D        | Found a basalt altar of Yredelemnul.
   118 | D        | Found a glowing golden altar of the Shining One.
   118 | D        | Found a snail-covered altar of Cheibriados.
   118 | D        | Found a sacrificial altar of Ru.
   118 | D        | Found a glowing silver altar of Zin.
   118 | D        | Found a shadowy altar of Dithmenos.
   118 | D        | Found a white marble altar of Elyvilon.
   118 | D        | Noticed a yak
   128 | D        | Killed a yak
   128 | D        | Reached skill level 9 in Fighting
   129 | D        | Found an opulent altar of Gozag.
   130 | D        | Found a sparkling altar of Nemelex Xobeh.
   379 | D        | Became a worshipper of Warmaster Okawaru
   415 | D        | Found a burning altar of Makhleb.
   415 | D        | Found a shimmering altar of Xom.
   415 | D        | Noticed a slime creature
   493 | D        | Found a viscous altar of Jiyva.
   493 | D        | Found a corrupted altar of Lugonu.
   499 | D        | Killed a slime creature
   499 | D        | Reached skill level 10 in Fighting
   499 | D        | Reached skill level 10 in Armour
   499 | D        | Reached XP level 7. HP: 72/72 MP: 6/6
   513 | D        | Noticed a kobold demonologist
   513 | D        | Noticed a kobold demonologist
   517 | D        | Paralysed by a floating eye for 3 turns
   530 | D        | Killed a kobold demonologist
   530 | D        | Reached skill level 11 in Fighting
   536 | D        | Killed a kobold demonologist
   536 | D        | Reached * piety under Okawaru
   536 | D        | Reached skill level 5 in Invocations
   536 | D        | Reached XP level 8. HP: 55/83 MP: 7/10
   655 | D        | Noticed a centaur warrior
   655 | D        | Noticed a centaur warrior
   692 | D        | Killed a centaur warrior
   692 | D        | Reached ** piety under Okawaru
   692 | D        | Reached skill level 12 in Fighting
   703 | D        | Killed a centaur warrior
   703 | D        | Reached *** piety under Okawaru
   703 | D        | Reached skill level 13 in Fighting
   703 | D        | Reached XP level 9. HP: 21/94 MP: 10/14
   996 | D        | Paralysed by a hornet for 2 turns
  1006 | D        | Paralysed by a hornet for 2 turns
  1019 | D        | Noticed an oklob plant
  1351 | D        | Noticed a deep troll
  1359 | D        | Killed a deep troll
  1359 | D        | Reached **** piety under Okawaru
  1359 | D        | Reached skill level 14 in Fighting
  1379 | D        | Found Jybemek's Armour Emporium.
  1384 | D        | Bought a +0 cloak for 63 gold pieces
  1384 | D        | Bought a +0 pair of gloves for 63 gold pieces
  1384 | D        | Bought a +0 chain mail of poison resistance for 119 gold
                  | pieces
  1525 | D        | Noticed Sonja
  1543 | D        | Killed Sonja
  1562 | D        | Found Mos Coe's Distillery.
  1570 | D        | Bought a potion of heal wounds for 60 gold pieces
  1570 | D        | Bought 2 potions of haste for 240 gold pieces
  1570 | D        | Bought a potion of degeneration for 12 gold pieces
  1570 | D        | Bought a potion of lignification for 36 gold pieces
  2198 | D        | Killed an oklob plant
  2198 | D        | Reached skill level 10 in Invocations
  2198 | D        | Reached XP level 10. HP: 74/104 MP: 16/16
  2269 | D        | Killed a gargoyle
  2345 | D        | Reached skill level 15 in Fighting
  2355 | D        | Reached ***** piety under Okawaru
  2373 | D        | Received a gift from Okawaru
  2637 | D        | Noticed a lindwurm
  2644 | D        | Killed a lindwurm
  2717 | D        | Noticed a gargoyle
  2726 | D        | Killed a gargoyle
  2726 | D        | Reached skill level 16 in Fighting
  2726 | D        | Reached skill level 10 in Dodging
  2771 | D        | Reached skill level 17 in Fighting
  2933 | D        | Noticed a 12-headed hydra
  2940 | D        | Killed a six-headed hydra
  2940 | D        | Reached XP level 11. HP: 55/117 MP: 14/17
  2941 | D        | Paralysed by a floating eye for 3 turns
  3326 | D        | Killed an unseen horror
  3326 | D        | Reached skill level 18 in Fighting
  3336 | D        | Killed an unseen horror
  3448 | D        | Received a gift from Okawaru
  3466 | D        | Got a jewelled plate armour {god gift}
  3477 | D        | Identified the +1 plate armour of the Dropbear {rC+ Regen+
                  | Str+7 Int-5} (Okawaru gifted it to you in the Dungeon)
  3477 | D        | Lost intelligence.
  3539 | D        | Found Plog's General Store.
  3539 | D        | Found Kuymisy's Food Shop.
  3539 | D        | Found Gofacomm's Armour Boutique.
  3541 | D        | Found Uckoil's Jewellery Emporium.
  3541 | D        | Found Roddefoeq's Distillery.
  3541 | D        | Found Kaxedet's Antique Weapon Shoppe.
  3541 | D        | Found Fopyh's Food Boutique.
  3541 | D        | Found Durymuod's Armour Emporium.
  3541 | D        | Found Qonlo's Food Shop.
  3541 | D        | Found Qugadyurch's Jewellery Shoppe.
  3543 | D        | Bought a ration for 50 gold pieces
  3543 | D        | Bought a ration for 50 gold pieces
  3543 | D        | Bought a ration for 50 gold pieces
  3546 | D        | Found Yvastrib's Distillery.
  3547 | D        | Found Huwned's Antique Weapon Emporium.
  3547 | D        | Found Geimoaju's Magic Scroll Boutique.
  3548 | D        | Bought a potion of berserk rage for 70 gold pieces
  3548 | D        | Found Luhicig's Weapon Emporium.
  3557 | D        | Bought a scroll of identify for 20 gold pieces
  3557 | D        | Bought a scroll of identify for 20 gold pieces
  3563 | D        | Bought a +1 pair of gloves of dexterity for 198 gold pieces
  3578 | D        | Bought a +3 ring of protection for 273 gold pieces
  3578 | D        | Bought a +2 amulet of reflection for 97 gold pieces
  3587 | D        | Bought a potion of heal wounds for 65 gold pieces
  3595 | D        | Bought a potion of heal wounds for 70 gold pieces
  3719 | D        | Reached ****** piety under Okawaru
  3720 | D        | Noticed a deep elf annihilator
  3737 | D        | Paralysed by a hornet for 2 turns
  3741 | D        | Reached skill level 19 in Fighting
  3969 | D        | Noticed a daeva
  3972 | D        | Noticed an unseen horror
  3973 | D        | Noticed an unseen horror
  3974 | D        | Noticed an unseen horror
  3978 | D        | Killed an unseen horror
  3985 | D        | Killed an unseen horror
  3985 | D        | Reached skill level 15 in Dodging
  3987 | D        | Noticed an unseen horror
  3995 | D        | Killed an unseen horror
  4003 | D        | Killed an unseen horror
  4003 | D        | Reached skill level 20 in Fighting
  4005 | D        | Killed an unseen horror
  4324 | D        | Bought an uncursed ring of protection from fire for 275
                  | gold pieces
  4499 | D        | Bought a wand of digging (5) for 216 gold pieces
  4538 | D        | Bought an uncursed ring of protection from fire for 325
                  | gold pieces
  4692 | D        | Noticed a fire giant
  4695 | D        | Noticed a fire giant
  4696 | D        | Noticed a fire giant
  4706 | D        | Killed a fire giant
  4706 | D        | Reached XP level 12. HP: 123/133 MP: 18/18
  4719 | D        | Killed a fire giant
  4719 | D        | Reached skill level 21 in Fighting
  4725 | D        | Killed a fire giant
  4772 | D        | Noticed a fire giant
  4954 | D        | Killed a fire giant
  5371 | D        | Noticed a mummy priest
  5388 | D        | Killed a deep elf annihilator
  5909 | D        | Bought a ration for 50 gold pieces
  5909 | D        | Bought a ration for 50 gold pieces
  5909 | D        | Bought a ration for 50 gold pieces
  5909 | D        | Bought a ration for 50 gold pieces
  5909 | D        | Bought a ration for 50 gold pieces
  5991 | D        | Killed a lorocyproca
  6283 | D        | Lost intelligence.
  6609 | D        | Reached skill level 22 in Fighting
  6710 | D        | Killed a daeva
  6710 | D        | Received a gift from Okawaru
  6994 | D        | Bought a potion of flight for 39 gold pieces
  6994 | D        | Bought a potion of flight for 39 gold pieces
  7080 | D        | Killed a mummy priest
  7080 | D        | Reached skill level 15 in Long Blades
  7091 | D        | Noticed Lom Lobon
  7116 | D        | HP: 8/208 [Lom Lobon] (3)]
  7118 | D        | Demolished by Lom Lobon

Skill      XL: |  1  2  3  4  5  6  7  8  9 10 11 12 |
---------------+-------------------------------------+-----
Fighting       | 5 6 8 10 11 13 14 17 20 22 | 22.4
Long Blades    | 5 8 10 13 14 15 | 15.1
Armour         | 5 6 8 10 11 12 14 | 14.0
Invocations    | 5 8 10 | 10.0
Dodging        | 4 7 12 16 18 | 18.5
Shields        | |  3.6

Action                   |  1- 3 |  4- 6 |  7- 9 | 10-12 || total
-------------------------+-------+-------+-------+-------++-------
Melee: Long sword        |     8 |    21 |   104 |    40 ||   173
       Headbutt          |     4 |     6 |    31 |    93 ||   134
       Scimitar          |       |       |       |   226 ||   226
       Great sword       |       |       |       |    23 ||    23
Invok: Heroism           |       |       |     2 |     6 ||     8
       Finesse           |       |       |       |     4 ||     4
Evoke: Wand              |       |       |       |     3 ||     3
  Use: Potion            |     1 |       |     2 |     9 ||    12
       Scroll            |       |       |     2 |     5 ||     7
  Eat: Chunk             |       |       |     2 |     1 ||     3
       Ration            |       |       |       |     5 ||     5
Armor: Scale mail        |     3 |     4 |    23 |       ||    30
       Chain mail        |       |       |    16 |   152 ||   168
       Plate armour      |       |       |       |     3 ||     3
Dodge: Dodged            |       |     3 |    36 |   129 ||   168
Block: Shield            |     3 |     3 |    46 |   144 ||   196
       Rpst.: Long sword |       |     1 |     7 |     1 ||     9
       Scimitar          |       |       |       |    18 ||    18
       Great sword       |       |       |       |     3 ||     3
